 Dungeon Crawl Stone Soup version 0.28-a0-802-g09f76e8c00 (webtiles) character file.

Game seed: 923904082772938210

28 spiderkeys the Ducker (level 2, -6/18 HPs)
             Began as a Deep Elf Abyssal Knight on Nov 7, 2021.
             Was a Follower of Lugonu.
             Mangled by Natasha (7 damage)
             ... on level 2 of the Dungeon.
             The game lasted 00:02:06 (1122 turns).

spiderkeys the Ducker (Deep Elf Abyssal Knight)     Turns: 1122, Time: 00:02:07

Health: -6/18      AC:  3    Str: 10    XL:     2   Next: 96%
Magic:  6/6        EV: 12    Int: 16    God:    Lugonu [*.....]
Gold:   72         SH:  0    Dex: 15    Spells: 3/3 levels left

rFire   . . .      SeeInvis .   a - +1 spear
rCold   . . .      Faith    .   (no shield)
rNeg    . . .      Spirit   .   b - +0 leather armour
rPois   .          Reflect  .   (helmet restricted)
rElec   .          Harm     .   (no cloak)
rCorr   .          Rampage  .   (no gloves)
Will    +....                   (no boots)
Stlth   +.........              (no amulet)
HPRegen 0.06/turn               h - ring of willpower
MPRegen 0.10/turn               (no ring)

@: no status effects
A: horns 1, clever 1
a: Renounce Religion, Depart the Abyss


You were on level 2 of the Dungeon.
You worshipped Lugonu.
Lugonu was aware of your devotion.
You visited 1 branch of the dungeon, and saw 2 of its levels.
You visited the Abyss 1 time.

You collected 72 gold pieces.


Innate Abilities, Weirdness & Mutations

You have a pair of small horns on your head.
Your mind is acute. (Int +2)


   Skills:
 + Level 2.6 Fighting
 - Level 1.3(1.5) Polearms
 + Level 0.9(1.5) Staves
 - Level 0.7 Armour
 + Level 2.8 Dodging
 + Level 1.4 Spellcasting
 + Level 2.4 Invocations


You had 3 spell levels left.
You didn't know any spells.
Your spell library was empty.

Inventory:

Hand Weapons
 a - a +1 spear (weapon)
Missiles
 d - 24 stones
 e - 4 boomerangs of dispersal {=f!f}
 f - 14 sling bullets
Armour
 b - a +0 leather armour (worn)
Jewellery
 h - a ring of willpower (left hand)
   (You found it on level 1 of the Dungeon)
Scrolls
 c - a scroll of torment {!r}
 g - a scroll of identify {@r1}

Dungeon Overview and Level Annotations

Branches:
Dungeon (2/15)

Altars:

Annotations:
D:2 Natasha

#..[........
#...........
+...........
#.........#
+.........#
#.........# .
#...<.....+
....##...@h....#
.......<.........
########...####..
+...+ #...# #...#
#...# #...# ...#


You could see Natasha.


Message History

Your hp is fully restored (18).
There is a stone staircase leading down here.
A bat comes into view.
You hit the bat. The bat hits you but does no damage.
You hit the bat.
You kill the bat!
Lugonu accepts your kill.
No target in view!
No target in view!
No target in view!
g - 2 scrolls of identify {@r1} (gained 1)
Found a stone staircase leading down.
A bat comes into view.
A bat is nearby!
You closely miss the bat. Your headbutt misses the bat.
The bat barely misses you. The bat misses you.
You reach to attack!
You hit the bat. The bat hits you but does no damage.
The bat hits you. 😕 HP[-1]
You take 1 damage, and now have 17/18 hp.
You reach to attack!
You hit the bat.
You kill the bat!
Lugonu accepts your kill.
No target in view!
No target in view!
As you read the scroll of identify {@r1}, it crumbles to dust.
c - a scroll of torment You now have 68 gold pieces (gained 16).
Key pressed, stopping explore.
Key pressed, stopping explore.
You see here a +0 dagger.
A goblin comes into view. It is wielding a +0 club. 😎 HP[+1]
Your hp is fully restored (18).
A goblin is nearby!
The goblin shouts!
You hit the goblin. The goblin closely misses you.
You hit the goblin but do no damage. The goblin barely misses you.
You hit the goblin.
You kill the goblin!
Lugonu accepts your kill.
No target in view!
No target in view!
You now have 72 gold pieces (gained 4).
Key pressed, stopping explore.
As you open the door, it creaks loudly!
There is an open door here.
You open the door.
A frilled lizard comes into view. 😎 MP[+1]
Your mp is fully restored (6).
A frilled lizard is nearby!
A frilled lizard is nearby!
You miss the frilled lizard.
Your headbutt misses the frilled lizard.
The frilled lizard bites you but does no damage.
You hit the frilled lizard.
You kill the frilled lizard!
Lugonu accepts your kill.
No target in view!
No target in view!
There is an open door here.
h - a ring of willpower You open the door.
There is an open door here.
Done exploring.
Done exploring.
h - a ring of willpower (left hand) Done exploring.
Done exploring.
There is an open door here.
There is an open door here.
There is an open door here.
There is an escape hatch in the floor here.
You see here a +0 dagger.
There is a stone staircase leading down here.
You climb downwards.
Natasha hisses angrily.
Found a stone staircase leading up.
There is a stone staircase leading up here.
You closely miss Natasha. Natasha misses you.
You barely miss Natasha. You headbutt Natasha. Natasha claws you. 😮 HP[-6]
You take 6 damage, and now have 12/18 hp.
MASSIVE DAMAGE!! (PAUSE)
You closely miss Natasha. Natasha claws you but does no damage.
You barely miss Natasha. Your headbutt misses Natasha. Natasha claws you.
* * * LOW HITPOINT WARNING * * *
😨 HP[-4]
You take 4 damage, and now have 8/18 hp.
MASSIVE DAMAGE!! (PAUSE)
You closely miss Natasha. Natasha claws you!
* * * LOW HITPOINT WARNING * * *
😱 HP[-7]
You take 7 damage, and now have 1/18 hp.
MASSIVE DAMAGE!! (PAUSE)
You closely miss Natasha. Natasha closely misses you.
You hit Natasha but do no damage. Natasha claws you but does no damage.
You hit Natasha but do no damage. You headbutt Natasha. Natasha claws you!
You die...

Skill      XL: |  1  2 |
---------------+-------+-----
Spellcasting   | 1 |  1.4
Fighting       | |  2.6
Polearms       | |  1.3
Staves         | |  0.9
Armour         | |  0.7
Dodging        | |  2.8
Invocations    | |  2.4

Action                   || total
-------------------------++-------
Melee: Spear             ||    65
       Headbutt          ||     4
Throw: Boomerang         ||     1
Invok: Depart the Abyss  ||     1
  Use: Scroll            ||     2
       Potion            ||     1
 Stab: Sleeping          ||     1
Armor: Leather armour    ||    15
Dodge: Dodged            ||    32

Levels and vault maps discovered:
D:1:      sevenhm_arrival_forest_fort_large_4, layout_basic,
          hellmonk_ecumenical_altar_run_dry
D:2:      layout_basic, uniq_natasha, uniq_crazy_yiuf_cottage

Notes
Turn   | Place    | Note
-------+----------+-------------------------------------------
     0 | Abyss:1  | spiderkeys the Deep Elf Abyssal Knight began the quest for
                  | the Orb.
     0 | Abyss:1  | Reached XP level 1. HP: 13/13 MP: 4/4
     0 | Abyss:1  | magus.rc [v1.9.10]
    44 | Abyss:2  | Noticed a large abomination
    64 | Abyss:3  | Noticed a quicksilver dragon
    71 | Abyss:4  | Noticed a cane toad
    71 | Abyss:4  | a shapeshifter changed into a cane toad
    74 | Abyss:4  | Noticed a worldbinder
    75 | Abyss:4  | Gained mutation: Your mind is acute. (Int +2) [potion of
                  | mutation]
    75 | Abyss:4  | Gained mutation: You have a pair of small horns on your
                  | head. [potion of mutation]
    76 | D:1      | You pass through the gate.
    76 | D:1      | Escaped the Abyss
   414 | D:1      | Reached XP level 2. HP: 14/18 MP: 5/5
   544 | D:1      | Reached skill level 1 in Spellcasting
   563 | D:1      | Found a faded altar of an unknown god.
   659 | D:1      | Reached * piety under Lugonu
  1112 | D:2      | Noticed Natasha
  1119 | D:2      | HP: 1/18 [Natasha (8)]
  1122 | D:2      | Mangled by Natasha

Vanquished Creatures
  A dart slug (D:1)
  3 ball pythons (D:1)
  3 endoplasms (D:1)
  3 giant cockroaches (D:1)
  3 goblins (D:1)
  A hobgoblin (D:1)
  2 kobolds (D:1)
  A quokka (D:1)
  3 bats (D:1)
  A frilled lizard (D:1)
21 creatures vanquished.

Table legend:
 A = Non-vault XP
 B = Vault XP
 C = Vault XP percentage of total XP
 D = Non-vault monster count
 E = Vault monster count
 F = Vault count percentage of total count
                 A         B        C        D         E       F
            +---------+---------+-------+---------+---------+-------
      Total |      40 |       0 |   0.0 |      21 |       0 |   0.0
            +---------+---------+-------+---------+---------+-------
        D:1 |      40 |       0 |   0.0 |      21 |       0 |   0.0
            +---------+---------+-------+---------+---------+-------

Illustrated notes

Table legend:
 A = Kills in this place as a percentage of kills in entire the game.
 B = Kills by you in this place as a percentage of kills by you in the entire game.
 C = Kills by friends in this place as a percentage of kills by friends in the entire game.
 D = Other kills in this place as a percentage of other kills in the entire game.
 E = Experience gained in this place as a percentage of experience gained in the entire game.
 F = Experience gained in this place divided by the number of levels of this place that you have seen.
                   A       B       C       D       E      F
               +-------+-------+-------+-------+-------+----------------------
         Total | 100.0 | 100.0 |   N/A |   N/A | 100.0 |   6.7
       Dungeon | 100.0 | 100.0 |   N/A |   N/A | 100.0 |  20.0
               +-------+-------+-------+-------+-------+----------------------

Table legend: (Time is in decaauts)
 A = Elapsed time spent in this place.
 B = Non-inter-level travel time spent in this place.
 C = Inter-level travel time spent in this place.
 D = Time resting spent in this place.
 E = Time spent auto-exploring this place.
 F = Levels seen in this place.
 G = Mean time per level.
                   A        B        C        D        E       F      G
               +--------+--------+--------+--------+--------+-----+--------+
         Total |   1123 |   1054 |     69 |      0 |    833 |   6 |  187.2 |
       Dungeon |   1047 |    978 |     69 |      0 |    821 |   2 |  523.5 |
         Abyss |     75 |     75 |      0 |      0 |     12 |   4 |   18.8 |
               +--------+--------+--------+--------+--------+-----+--------+

Top non-repeatable levels by time:
     D:1: 1037 daAuts
 Abyss:2: 30 daAuts
 Abyss:1: 26 daAuts
 Abyss:3: 13 daAuts
     D:2: 9 daAuts
 Abyss:4: 4 daAuts
